 Dungeon Crawl Stone Soup version 0.24.0-124-g2791043dd8 (webtiles) character file.

Game seed: 11272429824056413590, levelgen mode: deterministic

272 Martska the Charmwright (level 6, 0/47 HPs)
             Began as a Human Skald on Feb 14, 2020.
             Slain by Natasha (7 damage)
             ... on level 2 of the Dungeon.
             The game lasted 00:12:21 (5128 turns).

Martska the Charmwright (Human Skald)               Turns: 5128, Time: 00:12:21

Health: 0/47       AC:  5    Str: 10    XL:     6   Next: 48%
Magic:  9/9        EV: 11    Int: 14    God:
Gold:   175        SH:  3    Dex: 12    Spells: 3/9 levels left

rFire    + . .     SeeInvis .   a - +1 falchion
rCold    + . .     Gourm    .   o - +0 buckler
rNeg     . . .     Faith    .   v - +1 leather armour {rF+}
rPois    .         Spirit   .   (no helmet)
rElec    .         Reflect  .   (no cloak)
rCorr    .         Harm     .   u - +0 pair of gloves
MR       .....                  (no boots)
Stlth    +.........             (no amulet)
HPRegen  0.15/turn              i - -3 ring of strength (curse)
MPRegen  0.11/turn              p - ring of protection from cold

@: slowed, very slow
A: no striking features
a: no special abilities


You were on level 2 of the Dungeon.
You were not hungry.

You visited 1 branch of the dungeon, and saw 4 of its levels.

You collected 175 gold pieces.

Inventory:

Hand Weapons
 a - a +1 falchion (weapon)
 w - a +4 whip of pain
Missiles
 q - 8 silver boomerangs (quivered)
Armour
 b - a +0 leather armour
 o - a +0 buckler (worn)
 u - a +0 pair of gloves (worn)
 v - a +1 leather armour of fire resistance (worn)
Jewellery
 i - a cursed -3 ring of strength (left hand)
 n - an uncursed ring of protection from magic
 p - a ring of protection from cold (right hand)
Wands
 j - a wand of paralysis (1)
 k - a wand of random effects (20)
Scrolls
 y - a scroll of random uselessness {unknown}
Potions
 c - a potion of might
 e - 3 potions of lignification {unknown}
 f - 2 potions of brilliance {unknown}
 g - a potion of haste {unknown}
 h - 2 potions of mutation {unknown}
 m - 2 potions of curing {unknown}
 r - a potion of agility {unknown}
 x - a potion of cancellation {unknown}
Comestibles
 d - 3 rations


   Skills:
 * Level 3.3 Fighting
 * Level 3.4 Long Blades
 + Level 1.7 Armour
 + Level 2.5 Dodging
 + Level 1.1 Shields
 + Level 2.4 Spellcasting
 + Level 1.0 Hexes
 + Level 3.6 Charms
 + Level 1.1 Translocations
 + Level 1.0 Evocations


You had 3 spell levels left.
You knew the following spells:

 Your Spells              Type           Power        Failure   Level  Hunger
a - Infusion              Chrm           ##..         10%         1    #......
b - Shroud of Golubria    Chrm/Tloc      #.....       26%         2    ###....
c - Spectral Weapon       Hex/Chrm       #.......     45%         3    ###....

Your spell library contained the following spells:

 Spells                   Type           Power        Failure   Level  Hunger
 Song of Slaying          Chrm           ##......     16%         2    ###....
 Regeneration             Chrm/Necr      #.........   52%         3    ###....


Dungeon Overview and Level Annotations

Branches:
Dungeon (4/15)
 Temple: D:4-7

Altars:

Annotations:
D:2 Natasha


Message History

You start resting.
Natasha is too close now for your liking.
Natasha is nearby!
Natasha casts a spell at you. You resist with some effort.
Natasha casts a spell at you.
You feel yourself slow down.
Natasha howls an incantation.
You feel troubled. Natasha claws you!
* * * LOW HITPOINT WARNING * * *
Natasha casts a spell at you. You resist with some effort.
Natasha claws you but does no damage.
There is a stone staircase leading up here.
Natasha barely misses you.
You climb upwards.
There is a stone staircase leading down here.
Natasha claws you!
You die...

#.##.# #..#..#..##...#...(..#..
#.##.# #.......................
#.##.###.............##########
#.##.........#..#>...#####≈≈###
#.######...............8#.≈≈.##
#.# #.#.#.#....#..#..#.≈≈.#. #.#
#.#.#.#.......#.##.≈≈..#
###.######.#.#.#.......#.##.≈≈.##
...........#.#.#@#.....#.##.≈≈.##
###.#.#.##.#.#.#h#.....#.8#.≈≈.#.
#.#............#.....#..#.≈≈.#.
#........#...........#.##.≈≈[##
#.###.####...........#.##.≈≈.##
#......# #...........#.##.≈≈.#
#.###..# ####........#.8#.≈≈.#
#.# #..# #.###.##.#..#.≈≈.# #.#
#..######.# #.##.#.##.≈≈.#


You could see Natasha.

Vanquished Creatures
  A howler monkey (D:4)
  A gnoll shaman (D:1)
  8 gnolls
  3 adders (D:2)
  2 oozes (D:3)
  A worm (D:2)
  3 dart slugs (D:1)
  A leopard gecko (D:1)
  5 orcs
  8 giant cockroaches
  11 goblins
  12 hobgoblins
  2 jackals
  A quokka (D:2)
  8 bats
  3 frilled lizards
  5 kobolds
  3 rats
78 creatures vanquished.

Notes
Turn   | Place    | Note
-------+----------+-------------------------------------------
     0 | D:1      | Martska the Human Skald began the quest for the Orb.
     0 | D:1      | Reached XP level 1. HP: 16/16 MP: 3/3
    58 | D:1      | Reached XP level 2. HP: 22/22 MP: 5/5
   425 | D:1      | Reached XP level 3. HP: 25/28 MP: 2/6
   696 | D:1      | Learned a level 2 spell: Shroud of Golubria
   711 | D:1      | Learned a level 3 spell: Spectral Weapon
  1086 | D:2      | Found a faded altar of an unknown god.
  1243 | D:2      | Reached XP level 4. HP: 15/34 MP: 4/7
  2159 | D:2      | HP: 1/34 [gnoll/+0 halberd (12)]
  2583 | D:2      | Reached XP level 5. HP: 25/40 MP: 3/8
  4228 | D:2      | Reached XP level 6. HP: 44/47 MP: 9/9
  4936 | D:3      | Reached skill level 1 in Translocations
  4978 | D:3      | Reached skill level 1 in Shields
  5014 | D:3      | Noticed Natasha
  5076 | D:4      | Reached skill level 1 in Hexes
  5076 | D:4      | Reached skill level 1 in Evocations
  5109 | D:4      | Noticed a phantom
  5128 | D:2      | Slain by Natasha

Levels and vault maps discovered:
D:1:      dpeg_arrival_pond, layout_loops_ring
D:2:      wad_river_or_something, layout_basic,
          chequers_ecumenical_altar_island, minmay_domino_2
D:3:      minmay_chambers_of_threes, layout_loops_ring, grunt_decor_cap,
          uniq_jessica, uniq_natasha
D:4:      layout_cave_pools, nicolae_overflow_hidden_temple, temple_hall,
          serial_park_tiny_pond, minmay_manual_monstrance

Skill      XL: |  1  2  3  4  5  6 |
---------------+-------------------+-----
Fighting       | 3 |  3.3
Long Blades    | 3 |  3.4
Translocations | 1 |  1.1
Shields        | 1 |  1.1
Hexes          | 1 |  1.0
Evocations     | 1 |  1.0
Armour         | |  1.7
Dodging        | |  2.5
Spellcasting   | |  2.4
Charms         | |  3.6

Action                   |  1- 3 |  4- 6 || total
-------------------------+-------+-------++-------
Melee: Falchion          |   123 |   199 ||   322
 Cast: Infusion          |     6 |    15 ||    21
Evoke: Wand              |       |    10 ||    10
  Use: Scroll            |     2 |     4 ||     6
 Stab: Paralysed         |       |    10 ||    10
       Sleeping          |       |     1 ||     1
  Eat: Chunk             |     1 |     6 ||     7
       Ration            |       |     3 ||     3
Armor: Leather armour    |    34 |    69 ||   103
Dodge: Dodged            |    98 |   160 ||   258
Block: Buckler           |     2 |    44 ||    46
       Rpst.: Falchion   |    27 |    35 ||    62
